 Dungeon Crawl Stone Soup version 0.16-a0-3722-g5e7e3b6 (webtiles) character file.

3263 Chasingthesun the Fighter (level 10, -21/68 HPs)
             Began as a Gargoyle Gladiator on Jan 20, 2015.
             Demolished by an orc warrior
             ... wielding a +0 glaive
              (25 damage)
             ... in a bailey.
             The game lasted 00:27:23 (7695 turns).

Chasingthesun the Fighter (Gargoyle Gladiator)      Turns: 7695, Time: 00:27:23

Health: -21/68     AC: 24    Str: 20    XL:     10   Next: 0%
Magic:  10/10      EV:  9    Int:  8    God:
Gold:   412        SH:  0    Dex: 13    Spells: 0 memorised, 9 levels left

rFire  . . .     SeeInvis .     u - +2 quarterstaff (speed)
rCold  . . .     Clarity  .     G - +0 chain mail
rNeg   + + .     SustAb   .     (no shield)
rPois  ∞         Gourm    .     D - +1 helmet
rElec  +         Spirit   .     l - +0 cloak
rCorr  .         Warding  .     (no gloves)
rMut   .         Stasis   .     (no boots)
MR     .....                    (no amulet)
Stlth  ..........               B - +3 ring of protection
                                m - ring of positive energy

@: not resistant to hostile enchantments, extremely unstealthy
A: negative energy resistance 1, electricity resistance, unbreathing,
petrification resistance, rot immunity, AC +7
a: no special abilities


You were in a bailey.
You were not hungry.

You visited 2 branches of the dungeon, and saw 9 of its levels.
You also visited: Bailey.

You collected 412 gold pieces.

Inventory:

Hand weapons
 a - a +0 quarterstaff
 u - a +2 quarterstaff of speed (weapon)
Missiles
 d - 6 throwing nets (quivered)
Armour
 l - a +0 cloak (worn)
 D - a +1 helmet (worn)
 G - a +0 chain mail (worn)
Jewellery
 m - a ring of positive energy (left hand)
 B - a +3 ring of protection (right hand)
Scrolls
 j - a scroll of fog
 n - 2 scrolls of amnesia
 r - a scroll of teleportation
 s - a scroll of magic mapping
 v - a scroll of enchant weapon
 z - a scroll of remove curse
Potions
 e - a potion of agility
 g - 2 potions of might
 o - a potion of cancellation
 q - a potion of curing
 x - a potion of poison
Comestibles
 f - 3 bread rations
 i - 2 meat rations
 k - 4 fruits


   Skills:
 - Level 10.0 Fighting
 + Level 8.0 Staves
 - Level 2.0 Throwing
 + Level 7.1 Armour
 - Level 3.5 Dodging


You had 9 spell levels left.
You didn't know any spells.

Dungeon Overview and Level Annotations

Branches:
Dungeon (8/15)             Temple (1/1) D:4
   Lair: D:8-11

Altars:
Ashenzari
Dithmenos
Elyvilon
Fedhas
Gozag
Makhleb
Qazlal
Ru
Sif Muna
Trog
Vehumet
Yredelemnul
Zin
The Shining One

Annotations:
D:7 exclusion: ice statue


Innate Abilities, Weirdness & Mutations

You are resistant to torment.
You are immune to poison.
Your stone body is very resilient (AC +7).
You resist negative energy.
You are resistant to electric shocks.
You can survive without breathing.
You are immune to petrification.
You are immune to rotting.


Message History

You hit the orc warrior.
The orc warrior is almost dead.
You completely miss the orc warrior.
The orc warrior is almost dead.
The orc warrior hits you with a glaive!
* * * LOW HITPOINT WARNING * * *
You hit the orc warrior.
The orc warrior is almost dead.
The orc knight hits you but does no damage.
Drink which item? (? for menu, Esc to quit)
You feel better.
The orc warrior hits you with a glaive!!
* * * LOW HITPOINT WARNING * * *
The orc knight barely misses you.
You hit the orc warrior but do no damage.
The orc warrior is almost dead.
You barely miss the orc warrior.
The orc warrior is almost dead.
The orc warrior hits you with a glaive!!
You die...

#.≈≈≈≈≈≈≈####### ##).≈≈≈≈
#.≈..##### ##.)...
#.≈.#############'#########
#.≈.##.$$$.##.........#'...
#.≈..## ##..≈≈≈§≈≈≈..##..
#.≈≈..## ##..≈≈.....≈≈..##.
#∩.≈≈..# #.o§§o..⌠..§§≈..#'
##.≈≈..# #..§≈oo⌠⌠⌠.§≈≈..#'
#.≈≈..## #@.§§≈oo..§§≈..##
#.≈..##..o##..≈≈≈§≈≈§..#
#.≈.##.... ##.....§§§.#
#.≈.#############'###'#####
#.≈..........##.....##.....
#.≈≈≈≈≈≈≈≈≈≈..##.∩.##..≈≈≈≈
#..........≈≈..##.##..≈≈...
##########..≈≈..###..≈≈..##
##..≈≈.....≈≈..##


You could see 3 orc knights and an orc warrior (frenzied).

Vanquished Creatures
  Pikel (D:6)
  The ghost of huiren the Cruncher, an experienced DgGl (D:7)
  An orc warrior (D:8)
  2 phantoms
  2 black bears
  3 ice beasts
  3 ogres
  A centaur (D:5)
  4 giant frogs
  A crocodile (D:7)
  2 crimson imps
  3 orc priests
  3 orc wizards
  4 iguanas
  A jelly (D:8)
  A hound (D:6)
  4 worker ants
  A worker ant zombie (D:7)
  15 gnolls
  Robin (D:2)
  7 adders
  2 shadow imps
  A giant mite (D:4)
  2 worms (D:2)
  3 adder skeletons
  6 giant geckos
  33 orcs
  16 bats
  A bat skeleton (D:6)
  2 bat zombies
  2 giant cockroaches
  18 goblins
  16 hobgoblins
  4 quokkas
  3 ball pythons
  9 giant newts
  4 jackals
  A jackal skeleton (D:7)
  19 kobolds
  19 rats
222 creatures vanquished.

Vanquished Creatures (others)
  A wizard (D:4)
  A hound (D:6)
  A bat zombie (D:6)
3 creatures vanquished.

Grand Total: 225 creatures vanquished

Notes
Turn   | Place    | Note
--------------------------------------------------------------
     0 | D:1      | Chasingthesun, the Gargoyle Gladiator, began the quest for the Orb.
     0 | D:1      | Reached XP level 1. HP: 12/12 MP: 1/1
   115 | D:1      | Reached XP level 2. HP: 16/18 MP: 2/2
   816 | D:2      | Reached XP level 3. HP: 16/23 MP: 3/3
   977 | D:2      | Noticed Robin
   992 | D:2      | Killed Robin
   992 | D:2      | Reached XP level 4. HP: 12/29 MP: 4/4
  1101 | D:2      | Reached skill level 4 in Fighting
  1215 | D:2      | Reached XP level 5. HP: 13/34 MP: 5/5
  1425 | D:2      | Found a shadowy altar of Dithmenos.
  2100 | D:3      | Reached skill level 5 in Fighting
  2254 | D:3      | Reached XP level 6. HP: 37/40 MP: 6/6
  2738 | D:4      | Found a staircase to the Ecumenical Temple.
  2747 | Temple   | Entered the Ecumenical Temple
  3260 | D:4      | Found a deep blue altar of Sif Muna.
  3395 | D:4      | Found a bloodstained altar of Trog.
  3395 | D:4      | Noticed a wizard
  3401 | D:4      | Killed a wizard
  3568 | D:5      | Entered Level 5 of the Dungeon
  3628 | D:5      | Reached skill level 6 in Fighting
  3628 | D:5      | Reached XP level 7. HP: 44/46 MP: 7/7
  3732 | D:5      | Reached skill level 1 in Armour
  3972 | D:5      | Found a burning altar of Makhleb.
  4180 | D:5      | Reached skill level 5 in Staves
  4189 | D:5      | Reached skill level 7 in Fighting
  4525 | D:6      | Reached XP level 8. HP: 53/53 MP: 8/8
  5241 | D:6      | Reached skill level 8 in Fighting
  5484 | D:6      | Noticed Pikel
  5499 | D:6      | Killed Pikel
  5499 | D:6      | Reached skill level 9 in Fighting
  5499 | D:6      | Reached XP level 9. HP: 39/60 MP: 9/9
  5869 | D:7      | Noticed huiren's ghost (experienced DgGl)
  6089 | D:7      | Killed huiren's ghost
  6089 | D:7      | Reached skill level 5 in Armour
  6252 | D:7      | Reached skill level 10 in Fighting
  6919 | D:7      | Noticed an ice statue
  7070 | D:8      | Found a flagged portal.
  7261 | Bailey   | Entered a bailey
  7327 | Bailey   | Noticed an orc knight
  7392 | Bailey   | Reached XP level 10. HP: 68/68 MP: 10/10
  7501 | Bailey   | Noticed an orc knight
  7501 | Bailey   | Noticed an orc knight
  7501 | Bailey   | Noticed an orc knight
  7502 | Bailey   | Noticed an orc knight
  7502 | Bailey   | Noticed an orc knight
  7695 | Bailey   | Demolished by an orc warrior

Action                   |  1- 3 |  4- 6 |  7- 9 | 10-12 || total
-------------------------+-------+-------+-------+-------++-------
Melee: Quarterstaff      |   100 |   264 |   435 |    22 ||   821
  Use: Scroll            |     6 |     1 |    10 |       ||    17
       Potion            |       |     7 |     4 |     2 ||    13
  Eat: Chunk             |       |     6 |     8 |       ||    14
       Pizza             |       |     1 |       |       ||     1
       Beef jerky        |       |     1 |       |       ||     1
       Fruit             |       |       |     3 |       ||     3
       Meat ration       |       |       |     1 |       ||     1
